Workbook

Sheet FTR - Results
G2: Results Tracker: KPI Dashboard | H2: Start Bank (Points) | I2: 100 | J2: Current Bank (Points) | K2: =N38+I2 -> 84.0624 | L2: Total Points Staked | N2: =I38 -> 96
H3: Start Date | I3: 45839 | J3: PnL (Points +/-) | K3: =K2-I2 -> -15.9376 | L3: Return on Investment (ROI) | N3: =K3/N2*100 -> -16.601667
H4: Active Days | I4: 24 | J4: Bank Growth (%) | K4: =K3/I2*100 -> -15.9376 | L4: Return on Capital (ROC) | N4: =K3/I2*100 -> -15.9376
B6: Day | C6: Date | D6: Comp | E6: Match | F6: Market | G6: Selection | H6: Price | I6: Points | J6: FT Result | K6: W/D/L | L6: Points (+/-) | M6: BF Comm | N6: Total Points
B7: 1 | C7: =I3 -> 45839 | D7: CWC | E7: Real Madrid v Juventus | F7: MO&BTTS | G7: Real Madrid / Yes | H7: 3.6 | I7: 4 | J7: 1-0 | K7: L | L7: =IF(K7="w",(H7-1)*I7,-I7) -> -4 | M7: =IF(K7="w",(L7/100*2),0) -> 0 | N7: =L7-M7 -> -4
B8: 2 | C8: =C7+1 -> 45840 | D8: No Selection | I8: 0 | L8: =IF(K8="w",(H8-1)*I8,-I8) -> 0 | M8: =IF(K8="w",(L8/100*2),0) -> 0 | N8: =L8-M8 -> 0
B9: 3 | C9: =C8+1 -> 45841 | D9: No Selection | I9: 0 | L9: =IF(K9="w",(H9-1)*I9,-I9) -> 0 | M9: =IF(K9="w",(L9/100*2),0) -> 0 | N9: =L9-M9 -> 0
B10: 4 | C10: =C9+1 -> 45842 | D10: CWC | E10: Fluminense v Al-Hilal | F10: MO&BTTS | G10: Al-Hilal/Yes | H10: 5.8 | I10: 4 | J10: 2-1 | K10: L | L10: =IF(K10="w",(H10-1)*I10,-I10) -> -4 | M10: =IF(K10="w",(L10/100*2),0) -> 0 | N10: =L10-M10 -> -4
B11: 5 | C11: =C10+1 -> 45843 | D11: CWC | E11: PSG v Bayern Munich | F11: MO&O/U 2.5 goals | G11: PSG/Over | H11: 3.35 | I11: 4 | J11: 2-0 | K11: L | L11: =IF(K11="w",(H11-1)*I11,-I11) -> -4 | M11: =IF(K11="w",(L11/100*2),0) -> 0 | N11: =L11-M11 -> -4
B12: 6 | C12: =C11+1 -> 45844 | D12: No Selection | I12: 0 | L12: =IF(K12="w",(H12-1)*I12,-I12) -> 0 | M12: =IF(K12="w",(L12/100*2),0) -> 0 | N12: =L12-M12 -> 0
B13: 7 | C13: =C12+1 -> 45845 | D13: No Selection | I13: 0 | L13: =IF(K13="w",(H13-1)*I13,-I13) -> 0 | M13: =IF(K13="w",(L13/100*2),0) -> 0 | N13: =L13-M13 -> 0
B14: 8 | C14: =C13+1 -> 45846 | D14: CWC | E14: Fluminense v Chelsea | F14: MO&BTTS | G14: Chelsea/Yes | H14: 4.4 | I14: 4 | J14: 0-2 | K14: L | L14: =IF(K14="w",(H14-1)*I14,-I14) -> -4 | M14: =IF(K14="w",(L14/100*2),0) -> 0 | N14: =L14-M14 -> -4
B15: 9 | C15: =C14+1 -> 45847 | D15: CWC | E15: PSG v Real Madrid | F15: Match Odds | G15: PSG | H15: 2.5 | I15: 4 | J15: 4-0 | K15: W | L15: =IF(K15="w",(H15-1)*I15,-I15) -> 6 | M15: =IF(K15="w",(L15/100*2),0) -> 0.12 | N15: =L15-M15 -> 5.88
B16: 10 | C16: =C15+1 -> 45848 | D16: No Selection | I16: 0 | L16: 0 | M16: =IF(K16="w",(L16/100*2),0) -> 0 | N16: =L16-M16 -> 0
B17: 11 | C17: =C16+1 -> 45849 | D17: No Selection | I17: 0 | L17: =IF(K17="w",(H17-1)*I17,-I17) -> 0 | M17: =IF(K17="w",(L17/100*2),0) -> 0 | N17: =L17-M17 -> 0
B18: 12 | C18: =C17+1 -> 45850 | D18: No Selection | I18: 0 | L18: =IF(K18="w",(H18-1)*I18,-I18) -> 0 | M18: =IF(K18="w",(L18/100*2),0) -> 0 | N18: =L18-M18 -> 0
B19: 13 | C19: =C18+1 -> 45851 | D19: CWC | E19: Chelsea v PSG | F19: MO&O/U 2.5 goals | G19: PSG/Over | H19: 2.66 | I19: 4 | J19: 3-0 | K19: L | L19: =IF(K19="w",(H19-1)*I19,-I19) -> -4 | M19: =IF(K19="w",(L19/100*2),0) -> 0 | N19: =L19-M19 -> -4
B20: 14 | C20: =C19+1 -> 45852 | D20: ALL | E20: Sirius v Mjallby | F20: Match Odds | G20: Mjallby | H20: 2.04 | I20: 4 | J20: 1-2 | K20: W | L20: =IF(K20="w",(H20-1)*I20,-I20) -> 4.16 | M20: =IF(K20="w",(L20/100*2),0) -> 0.0832 | N20: =L20-M20 -> 4.0768
B21: 15 | C21: =C20+1 -> 45853 | D21: UCL | E21: Malmo v FC Iberia | F21: BTTS | G21: Yes | H21: 2.3 | I21: 4 | J21: 3-1 | K21: W | L21: =IF(K21="w",(H21-1)*I21,-I21) -> 5.2 | M21: =IF(K21="w",(L21/100*2),0) -> 0.104 | N21: =L21-M21 -> 5.096
B22: 16 | C22: =C21+1 -> 45854 | D22: WEUR | E22: Norway (W) v Italy (W) | F22: BTTS | G22: Yes | H22: 1.95 | I22: 4 | J22: 1-2 | K22: W | L22: =IF(K22="w",(H22-1)*I22,-I22) -> 3.8 | M22: =IF(K22="w",(L22/100*2),0) -> 0.076 | N22: =L22-M22 -> 3.724
B23: 17 | C23: =C22+1 -> 45855 | D23: WEUR | E23: Sweden (W) v England (W) | F23: BTTS | G23: Yes | H23: 1.83 | I23: 4 | J23: 2-2 | K23: W | L23: =IF(K23="w",(H23-1)*I23,-I23) -> 3.32 | M23: =IF(K23="w",(L23/100*2),0) -> 0.0664 | N23: =L23-M23 -> 3.2536
B24: 18 | C24: =C23+1 -> 45856 | D24: WEUR | E24: Spain (W) v Switzerland (W) | F24: Asian Handicap | G24: Spain -2.5 | H24: 1.86 | I24: 4 | J24: 2-0 | K24: L | L24: =IF(K24="w",(H24-1)*I24,-I24) -> -4 | M24: =IF(K24="w",(L24/100*2),0) -> 0 | N24: =L24-M24 -> -4
B25: 19 | C25: =C24+1 -> 45857 | D25: WEUR | E25: France (W) v Germany (W) | F25: Match Odds | G25: France | H25: 2.52 | I25: 4 | J25: 1-1 | K25: L | L25: =IF(K25="w",(H25-1)*I25,-I25) -> -4 | M25: =IF(K25="w",(L25/100*2),0) -> 0 | N25: =L25-M25 -> -4
B26: 20 | C26: =C25+1 -> 45858 | D26: SUP | E26: Midtjylland v OB | F26: MO&O/U 2.5 goals | G26: Midtjylland / Over | H26: 2.08 | I26: 4 | J26: 3-3 | K26: L | L26: =IF(K26="w",(H26-1)*I26,-I26) -> -4 | M26: =IF(K26="w",(L26/100*2),0) -> 0 | N26: =L26-M26 -> -4
B27: 21 | C27: =C26+1 -> 45859 | D27: ALL | E27: Norrkoping v Varnamo | F27: Match Odds | G27: Norrkoping | H27: 2.34 | I27: 4 | J27: 3-1 | K27: W | L27: =IF(K27="w",(H27-1)*I27,-I27) -> 5.36 | M27: =IF(K27="w",(L27/100*2),0) -> 0.1072 | N27: =L27-M27 -> 5.2528
B28: 22 | C28: =C27+1 -> 45860 | D28: WEUR | E28: England (W) v Italy (W) | F28: O/U 2.5 Goals | G28: Over | H28: 1.89 | I28: 4 | J28: 1-1 | K28: L | L28: =IF(K28="w",(H28-1)*I28,-I28) -> -4 | M28: =IF(K28="w",(L28/100*2),0) -> 0 | N28: =L28-M28 -> -4
B29: 23 | C29: =C28+1 -> 45861 | D29: UCL | E29: Brann v Salzburg | F29: Match Odds | G29: Salzburg | H29: 2.38 | I29: 4 | J29: 1-4 | K29: W | L29: =IF(K29="w",(H29-1)*I29,-I29) -> 5.52 | M29: =IF(K29="w",(L29/100*2),0) -> 0.1104 | N29: =L29-M29 -> 5.4096
B30: 24 | C30: =C29+1 -> 45862 | D30: UEL | E30: Besiktas v Shakhtar | F30: MO&O/U 2.5 goals | G30: Besiktas / Over | H30: 3.95 | I30: 4 | J30: 2-4 | K30: L | L30: =IF(K30="w",(H30-1)*I30,-I30) -> -4 | M30: =IF(K30="w",(L30/100*2),0) -> 0 | N30: =L30-M30 -> -4
... B37: 31 | C37: =C36+1 -> 45869 | D37: UEL | E37: Hacken v Anderlecht | F37: Match Odds | G37: Anderlecht | H37: 2.32 | I37: 4 | J37: 2-1 | K37: L | L37: =IF(K37="w",(H37-1)*I37,-I37) -> -4 | M37: =IF(K37="w",(L37/100*2),0) -> 0 | N37: =L37-M37 -> -4
I38: =SUM(I7:I37) -> 96 | J38: Pts Staked | K38: PnL | L38: =SUM(L7:L36) -> -15.12 | M38: =SUM(M7:M36) -> 0.8176 | N38: =L38-M38 -> -15.9376

Sheet FTR - Chart
B2: FOOTBALL TRADING ROOM - JULY 2025: DAILY RESULTS
B4: Day | C4: Day Points: Profit / Loss | D4: Bank: Total Points
B5: 0 | C5: 0 | D5: 0
B6: 1 | C6: ='FTR - Results'!N7 -> -4 | D6: =D5+C6 -> -4
B7: 2 | C7: ='FTR - Results'!N8 -> 0 | D7: =D6+C7 -> -4
B8: 3 | C8: ='FTR - Results'!N9 -> 0 | D8: =D7+C8 -> -4
B9: 4 | C9: ='FTR - Results'!N10 -> -4 | D9: =D8+C9 -> -8
B10: 5 | C10: ='FTR - Results'!N11 -> -4 | D10: =D9+C10 -> -12
B11: 6 | C11: ='FTR - Results'!N12 -> 0 | D11: =D10+C11 -> -12
B12: 7 | C12: ='FTR - Results'!N13 -> 0 | D12: =D11+C12 -> -12
B13: 8 | C13: ='FTR - Results'!N14 -> -4 | D13: =D12+C13 -> -16
B14: 9 | C14: ='FTR - Results'!N15 -> 5.88 | D14: =D13+C14 -> -10.12
B15: 10 | C15: ='FTR - Results'!N16 -> 0 | D15: =D14+C15 -> -10.12
B16: 11 | C16: ='FTR - Results'!N17 -> 0 | D16: =D15+C16 -> -10.12
B17: 12 | C17: ='FTR - Results'!N18 -> 0 | D17: =D16+C17 -> -10.12
... B36: 31 | C36: ='FTR - Results'!N37 -> -4 | D36: =D35+C36 -> -19.9376

Sheet PGX5 - Results
G2: Record Tracking & Stake Calculation | H2: Start Bank (£) | I2: 1000 | N2: Current Bank (£) | O2: =O37 -> 1095.1964
H3: Start Date | I3: ='FTR - Results'!I3 -> 45839 | N3: Growth (£) | O3: =O2-I2 -> 95.196384
H4: Days # | I4: 24 | N4: Increase (%) | O4: =SUM(O2-I2)/I2*100 -> 9.5196384
B6: Day | C6: Date | D6: Comp | E6: Match | F6: Market | G6: Selection | H6: Price | I6: Stake | J6: Result | K6: W/L/D | L6: Start Bank | M6: PnL | N6: BF Comm. | O6: End Bank
B7: 1 | C7: =I3 -> 45839 | D7: CWC | E7: Real Madrid v Juventus | F7: O/U 2.5 | G7: Over | H7: 1.73 | I7: =L7/16.5 -> 60.606061 | J7: 1-0 | K7: L | L7: =I2 -> 1000 | M7: =IF(K7="w",(H7-1)*I7,-I7) -> -60.606061 | N7: =IF(K7="w",(M7/100*2),0) -> 0 | O7: =L7+M7 -> 939.39394
B8: 2 | C8: =C7+1 -> 45840 | D8: No Selection | I8: 0 | L8: =O7 -> 939.39394 | M8: =IF(K8="w",(H8-1)*I8,-I8) -> 0 | N8: =IF(K8="w",(M8/100*2),0) -> 0 | O8: =L8+M8 -> 939.39394
B9: 3 | C9: =C8+1 -> 45841 | D9: No Selection | I9: 0 | L9: =O8 -> 939.39394 | M9: =IF(K9="w",(H9-1)*I9,-I9) -> 0 | N9: =IF(K9="w",(M9/100*2),0) -> 0 | O9: =L9+M9 -> 939.39394
B10: 4 | C10: =C9+1 -> 45842 | D10: CWC | E10: Palmeiras v Chelsea | F10: Match Odds | G10: Chelsea | H10: 2.1 | I10: =L10/16.5 -> 56.932966 | J10: 1-2 | K10: W | L10: =O9 -> 939.39394 | M10: =IF(K10="w",(H10-1)*I10,-I10) -> 62.626263 | N10: =IF(K10="w",(M10/100*2),0) -> 1.2525253 | O10: =L10+M10 -> 1002.0202
B11: 5 | C11: =C10+1 -> 45843 | D11: CWC | E11: Real Madrid v Dortmund | F11: Match Odds | G11: Real Madrid | H11: 1.66 | I11: =L11/16.5 -> 60.728497 | J11: 3-2 | K11: W | L11: =O10 -> 1002.0202 | M11: =IF(K11="w",(H11-1)*I11,-I11) -> 40.080808 | N11: =IF(K11="w",(M11/100*2),0) -> 0.80161616 | O11: =L11+M11 -> 1042.101
B12: 6 | C12: =C11+1 -> 45844 | D12: No Selection | I12: 0 | L12: =O11 -> 1042.101 | M12: =IF(K12="w",(H12-1)*I12,-I12) -> 0 | N12: =IF(K12="w",(M12/100*2),0) -> 0 | O12: =L12+M12 -> 1042.101
B13: 7 | C13: =C12+1 -> 45845 | D13: No Selection | I13: 0 | L13: =O12 -> 1042.101 | M13: =IF(K13="w",(H13-1)*I13,-I13) -> 0 | N13: =IF(K13="w",(M13/100*2),0) -> 0 | O13: =L13+M13 -> 1042.101
B14: 8 | C14: =C13+1 -> 45846 | D14: CWC | E14: Fluminense vs. Chelsea | F14: Match Odds | G14: Chelsea | H14: 1.68 | I14: =L14/16.5 -> 63.157637 | J14: 0-2 | K14: W | L14: =O13 -> 1042.101 | M14: =IF(K14="w",(H14-1)*I14,-I14) -> 42.947193 | N14: =IF(K14="w",(M14/100*2),0) -> 0.85894386 | O14: =L14+M14 -> 1085.0482
B15: 9 | C15: =C14+1 -> 45847 | D15: CWC | E15: PSG v Real Madrid | F15: Draw No Bet | G15: PSG | H15: 1.69 | I15: =L15/16.5 -> 65.760497 | J15: 4-0 | K15: W | L15: =O14 -> 1085.0482 | M15: =IF(K15="w",(H15-1)*I15,-I15) -> 45.374743 | N15: =IF(K15="w",(M15/100*2),0) -> 0.90749486 | O15: =L15+M15 -> 1130.4229
B16: 10 | C16: =C15+1 -> 45848 | D16: No Selection | I16: 0 | L16: =O15 -> 1130.4229 | M16: =IF(K16="w",(H16-1)*I16,-I16) -> 0 | N16: =IF(K16="w",(M16/100*2),0) -> 0 | O16: =L16+M16 -> 1130.4229
B17: 11 | C17: =C16+1 -> 45849 | D17: No Selection | I17: 0 | L17: =O16 -> 1130.4229 | M17: =IF(K17="w",(H17-1)*I17,-I17) -> 0 | N17: =IF(K17="w",(M17/100*2),0) -> 0 | O17: =L17+M17 -> 1130.4229
B18: 12 | C18: =C17+1 -> 45850 | D18: No Selection | I18: 0 | L18: =O17 -> 1130.4229 | M18: =IF(K18="w",(H18-1)*I18,-I18) -> 0 | N18: =IF(K18="w",(M18/100*2),0) -> 0 | O18: =L18+M18 -> 1130.4229
B19: 13 | C19: =C18+1 -> 45851 | D19: CWC | E19: Chelsea v PSG | F19: Match Odds | G19: PSG | H19: 1.79 | I19: =L19/16.5 -> 68.510482 | J19: 3-0 | K19: L | L19: =O18 -> 1130.4229 | M19: =IF(K19="w",(H19-1)*I19,-I19) -> -68.510482 | N19: =IF(K19="w",(M19/100*2),0) -> 0 | O19: =L19+M19 -> 1061.9125
B20: 14 | C20: =C19+1 -> 45852 | D20: ALL | E20: Sirius v Mjallby | F20: BTTS | G20: Yes | H20: 1.6 | I20: =L20/16.5 -> 64.358331 | J20: 1-2 | K20: W | L20: =O19 -> 1061.9125 | M20: =IF(K20="w",(H20-1)*I20,-I20) -> 38.614999 | N20: =IF(K20="w",(M20/100*2),0) -> 0.77229997 | O20: =L20+M20 -> 1100.5275
B21: 15 | C21: =C20+1 -> 45853 | D21: UCL | E21: Malmo v FC Iberia | F21: O/U 2.5 | G21: Over | H21: 1.72 | I21: =L21/16.5 -> 66.698634 | J21: 3-1 | K21: W | L21: =O20 -> 1100.5275 | M21: =IF(K21="w",(H21-1)*I21,-I21) -> 48.023017 | N21: =IF(K21="w",(M21/100*2),0) -> 0.96046033 | O21: =L21+M21 -> 1148.5505
B22: 16 | C22: =C21+1 -> 45854 | D22: WEUR | E22: Norway (W) v Italy (W) | F22: Draw No Bet | G22: Norway | H22: 2.2 | I22: =L22/16.5 -> 69.60912 | J22: 1-2 | K22: L | L22: =O21 -> 1148.5505 | M22: =IF(K22="w",(H22-1)*I22,-I22) -> -69.60912 | N22: =IF(K22="w",(M22/100*2),0) -> 0 | O22: =L22+M22 -> 1078.9414
B23: 17 | C23: =C22+1 -> 45855 | D23: UEL | E23: Hacken v Spartak Trnava | F23: Asian Handicap | G23: Hacken -1 | H23: 1.88 | I23: =L23/16.5 -> 65.390385 | J23: 2-2 | K23: L | L23: =O22 -> 1078.9414 | M23: =IF(K23="w",(H23-1)*I23,-I23) -> -65.390385 | N23: =IF(K23="w",(M23/100*2),0) -> 0 | O23: =L23+M23 -> 1013.551
B24: 18 | C24: =C23+1 -> 45856 | D24: SUP | E24: Viborg v FC Copenhagen | F24: O/U 2.5 | G24: Over | H24: 1.74 | I24: =L24/16.5 -> 61.427332 | J24: 2-3 | K24: W | L24: =O23 -> 1013.551 | M24: =IF(K24="w",(H24-1)*I24,-I24) -> 45.456226 | N24: =IF(K24="w",(M24/100*2),0) -> 0.90912451 | O24: =L24+M24 -> 1059.0072
B25: 19 | C25: =C24+1 -> 45857 | D25: ALL | E25: Degerfors v GAIS | F25: BTTS | G25: Yes | H25: 1.85 | I25: =L25/16.5 -> 64.182255 | J25: 0-3 | K25: L | L25: =O24 -> 1059.0072 | M25: =IF(K25="w",(H25-1)*I25,-I25) -> -64.182255 | N25: =IF(K25="w",(M25/100*2),0) -> 0 | O25: =L25+M25 -> 994.82495
B26: 20 | C26: =C25+1 -> 45858 | D26: ALL | E26: Halmstads v Hacken | F26: O/U 2.5 | G26: Over | H26: 1.82 | I26: =L26/16.5 -> 60.292421 | J26: 0-0 | K26: L | L26: =O25 -> 994.82495 | M26: =IF(K26="w",(H26-1)*I26,-I26) -> -60.292421 | N26: =IF(K26="w",(M26/100*2),0) -> 0 | O26: =L26+M26 -> 934.53252
B27: 21 | C27: =C26+1 -> 45859 | D27: ALL | E27: Norrkoping v Varnamo | F27: O/U 2.5 | G27: Over | H27: 1.62 | I27: =L27/16.5 -> 56.638335 | J27: 3-1 | K27: W | L27: =O26 -> 934.53252 | M27: =IF(K27="w",(H27-1)*I27,-I27) -> 35.115768 | N27: =IF(K27="w",(M27/100*2),0) -> 0.70231535 | O27: =L27+M27 -> 969.64829
B28: 22 | C28: =C27+1 -> 45860 | D28: UCL | E28: Rigas v Malmo | F28: BTTS | G28: Yes | H28: 1.92 | I28: =L28/16.5 -> 58.766563 | J28: 1-4 | K28: W | L28: =O27 -> 969.64829 | M28: =IF(K28="w",(H28-1)*I28,-I28) -> 54.065238 | N28: =IF(K28="w",(M28/100*2),0) -> 1.0813048 | O28: =L28+M28 -> 1023.7135
B29: 23 | C29: =C28+1 -> 45861 | D29: WEUR | E29: Germany (W) v Spain (W) | F29: BTTS | G29: Yes | H29: 1.72 | I29: =L29/16.5 -> 62.043244 | J29: 0-1 | K29: L | L29: =O28 -> 1023.7135 | M29: =IF(K29="w",(H29-1)*I29,-I29) -> -62.043244 | N29: =IF(K29="w",(M29/100*2),0) -> 0 | O29: =L29+M29 -> 961.67029
B30: 24 | C30: =C29+1 -> 45862 | D30: UEL | E30: Midtjylland v Hibernian | F30: BTTS | G30: Yes | H30: 1.78 | I30: =L30/16.5 -> 58.283048 | J30: 1-1 | K30: W | L30: =O29 -> 961.67029 | M30: =IF(K30="w",(H30-1)*I30,-I30) -> 45.460777 | N30: =IF(K30="w",(M30/100*2),0) -> 0.90921554 | O30: =L30+M30 -> 1007.1311
... B37: 31 | C37: =C36+1 -> 45869 | D37: UEL | E37: Hacken v Anderlecht | F37: Draw No Bet | G37: Anderlecht | H37: 1.67 | I37: =L37/16.5 -> 70.657831 | J37: 2-1 | K37: L | L37: =O36 -> 1165.8542 | M37: =IF(K37="w",(H37-1)*I37,-I37) -> -70.657831 | N37: =IF(K37="w",(M37/100*2),0) -> 0 | O37: =L37+M37 -> 1095.1964

Sheet PGX5 - CHART
B2: PRO-GENIE X5 - JULY 2025: DAILY RESULTS
B4: Day | C4: Profit / Loss (£) | D4: Acc Bank (£)
B5: 0 | C5: 0 | D5: 0
B6: 1 | C6: ='PGX5 - Results'!M7-'PGX5 - Results'!N7 -> -60.606061 | D6: =D5+C6 -> -60.606061
B7: 2 | C7: ='PGX5 - Results'!M8-'PGX5 - Results'!N8 -> 0 | D7: =D6+C7 -> -60.606061
B8: 3 | C8: ='PGX5 - Results'!M9-'PGX5 - Results'!N9 -> 0 | D8: =D7+C8 -> -60.606061
B9: 4 | C9: ='PGX5 - Results'!M10-'PGX5 - Results'!N10 -> 61.373737 | D9: =D8+C9 -> 0.76767677
B10: 5 | C10: ='PGX5 - Results'!M11-'PGX5 - Results'!N11 -> 39.279192 | D10: =D9+C10 -> 40.046869
B11: 6 | C11: ='PGX5 - Results'!M12-'PGX5 - Results'!N12 -> 0 | D11: =D10+C11 -> 40.046869
B12: 7 | C12: ='PGX5 - Results'!M13-'PGX5 - Results'!N13 -> 0 | D12: =D11+C12 -> 40.046869
B13: 8 | C13: ='PGX5 - Results'!M14-'PGX5 - Results'!N14 -> 42.088249 | D13: =D12+C13 -> 82.135118
B14: 9 | C14: ='PGX5 - Results'!M15-'PGX5 - Results'!N15 -> 44.467248 | D14: =D13+C14 -> 126.60237
B15: 10 | C15: ='PGX5 - Results'!M16-'PGX5 - Results'!N16 -> 0 | D15: =D14+C15 -> 126.60237
B16: 11 | C16: ='PGX5 - Results'!M17-'PGX5 - Results'!N17 -> 0 | D16: =D15+C16 -> 126.60237
B17: 12 | C17: ='PGX5 - Results'!M18-'PGX5 - Results'!N18 -> 0 | D17: =D16+C17 -> 126.60237
... B36: 31 | C36: ='PGX5 - Results'!M37-'PGX5 - Results'!N37 -> -70.657831 | D36: =D35+C36 -> 81.420994

Sheet PXCS - Results
F2: Results Tracker: KPI Dashboard | G2: Start Bank (Points) | H2: 50 | I2: End Bank (Points) | J2: =M140+50 -> 60.63602 | K2: Total Points Staked | M2: =H140 -> 28.971
G3: Start Date | H3: ='FTR - Results'!I3 -> 45839 | I3: PnL (Points +/-) | J3: =J2-H2 -> 10.63602 | K3: Return on Investment (ROI) | M3: =J3/M2*100 -> 36.712644
G4: No. Matches | H4: 44 | I4: Bank Growth (%) | J4: =J3/H2*100 -> 21.27204 | K4: Return on Capital (ROC) | M4: =J3/H2*100 -> 21.27204
B6: Day # | C6: Date | D6: Comp | E6: Match | F6: PXCS Prediction | G6: Price | H6: Points | I6: FT Result | J6: W/D/L | K6: Points (+/-) | L6: Comm (2%) | M6: Total Points
B7: 1 | C7: =H3 -> 45839 | D7: CWC | E7: Real Madrid v Juventus | F7: 2-1 | G7: 9.8 | H7: 0.333 | I7: 1-0 | J7: L | K7: =IF(J7="w",(G7-1)*H7,-H7) -> -0.333 | L7: =IF(J7="w",(K7/100*2),0) -> 0 | M7: =K7-L7 -> -0.333
F8: 3-1 | G8: 16 | H8: 0.333 | J8: L | K8: =IF(J8="w",(G8-1)*H8,-H8) -> -0.333 | L8: =IF(J8="w",(K8/100*2),0) -> 0 | M8: =K8-L8 -> -0.333
F9: 2-2 | G9: 15.5 | H9: 0.333 | J9: L | K9: =IF(J9="w",(G9-1)*H9,-H9) -> -0.333 | L9: =IF(J9="w",(K9/100*2),0) -> 0 | M9: =K9-L9 -> -0.333
B10: 2 | C10: =C7+1 -> 45840 | D10: No Selection | H10: 0 | K10: =IF(J10="w",(G10-1)*H10,-H10) -> 0 | L10: =IF(J10="w",(K10/100*2),0) -> 0 | M10: =K10-L10 -> 0
B11: 3 | C11: =C10+1 -> 45841 | D11: WEC | E11: Belgium v Italy | F11: 0-1 | G11: 8.8 | H11: 0.333 | I11: 0-1 | J11: W | K11: =IF(J11="w",(G11-1)*H11,-H11) -> 2.5974 | L11: =IF(J11="w",(K11/100*2),0) -> 0.051948 | M11: =K11-L11 -> 2.545452
F12: 1-1 | G12: 8.6 | H12: 0.333 | J12: L | K12: =IF(J12="w",(G12-1)*H12,-H12) -> -0.333 | L12: =IF(J12="w",(K12/100*2),0) -> 0 | M12: =K12-L12 -> -0.333
F13: 1-2 | G13: 9.4 | H13: 0.333 | J13: L | K13: =IF(J13="w",(G13-1)*H13,-H13) -> -0.333 | L13: =IF(J13="w",(K13/100*2),0) -> 0 | M13: =K13-L13 -> -0.333
C14: =C11 -> 45841 | D14: WEC | E14: Spain v Portugal | F14: 2-0 | G14: 8 | H14: 0.333 | I14: 5-0 | J14: L | K14: =IF(J14="w",(G14-1)*H14,-H14) -> -0.333 | L14: =IF(J14="w",(K14/100*2),0) -> 0 | M14: =K14-L14 -> -0.333
F15: 3-0 | G15: 7.4 | H15: 0.333 | J15: L | K15: =IF(J15="w",(G15-1)*H15,-H15) -> -0.333 | L15: =IF(J15="w",(K15/100*2),0) -> 0 | M15: =K15-L15 -> -0.333
F16: 2-1 | G16: 15 | H16: 0.333 | J16: L | K16: =IF(J16="w",(G16-1)*H16,-H16) -> -0.333 | L16: =IF(J16="w",(K16/100*2),0) -> 0 | M16: =K16-L16 -> -0.333
B17: 4 | C17: =C14+1 -> 45842 | D17: CWC | E17: Fluminense v Al Hilal | F17: 1-1 | G17: 7.2 | H17: 0.333 | I17: 2-1 | J17: L | K17: =IF(J17="w",(G17-1)*H17,-H17) -> -0.333 | L17: =IF(J17="w",(K17/100*2),0) -> 0 | M17: =K17-L17 -> -0.333
F18: 1-2 | G18: 11.5 | H18: 0.333 | J18: L | K18: =IF(J18="w",(G18-1)*H18,-H18) -> -0.333 | L18: =IF(J18="w",(K18/100*2),0) -> 0 | M18: =K18-L18 -> -0.333
F19: 2-1 | G19: 12.5 | H19: 0.333 | J19: W | K19: =IF(J19="w",(G19-1)*H19,-H19) -> 3.8295 | L19: =IF(J19="w",(K19/100*2),0) -> 0.07659 | M19: =K19-L19 -> 3.75291
B20: 5 | C20: =C17+1 -> 45843 | D20: CWC | E20: PSG v Bayern Munich | F20: 2-1 | G20: 11.5 | H20: 0.333 | I20: 2-0 | J20: L | K20: =IF(J20="w",(G20-1)*H20,-H20) -> -0.333 | L20: =IF(J20="w",(K20/100*2),0) -> 0 | M20: =K20-L20 -> -0.333
F21: 3-1 | G21: 20 | H21: 0.333 | J21: L | K21: =IF(J21="w",(G21-1)*H21,-H21) -> -0.333 | L21: =IF(J21="w",(K21/100*2),0) -> 0 | M21: =K21-L21 -> -0.333
F22: 3-2 | G22: 25 | H22: 0.333 | J22: L | K22: =IF(J22="w",(G22-1)*H22,-H22) -> -0.333 | L22: =IF(J22="w",(K22/100*2),0) -> 0 | M22: =K22-L22 -> -0.333
C23: =C20 -> 45843 | D23: CWC | E23: Real Madrid v Dortmund | F23: 2-1 | G23: 9.8 | H23: 0.333 | I23: 3-2 | J23: L | K23: =IF(J23="w",(G23-1)*H23,-H23) -> -0.333 | L23: =IF(J23="w",(K23/100*2),0) -> 0 | M23: =K23-L23 -> -0.333
F24: 3-1 | G24: 14 | H24: 0.333 | J24: L | K24: =IF(J24="w",(G24-1)*H24,-H24) -> -0.333 | L24: =IF(J24="w",(K24/100*2),0) -> 0 | M24: =K24-L24 -> -0.333
F25: 3-2 | G25: 23 | H25: 0.333 | J25: W | K25: =IF(J25="w",(G25-1)*H25,-H25) -> 7.326 | L25: =IF(J25="w",(K25/100*2),0) -> 0.14652 | M25: =K25-L25 -> 7.17948
B26: 6 | C26: =C23+1 -> 45844 | D26: ALL | E26: Elfsborg v Hacken | F26: 2-1 | G26: 9.8 | H26: 0.333 | I26: 0-2 | J26: L | K26: =IF(J26="w",(G26-1)*H26,-H26) -> -0.333 | L26: =IF(J26="w",(K26/100*2),0) -> 0 | M26: =K26-L26 -> -0.333
F27: 3-1 | G27: 15.5 | H27: 0.333 | J27: L | K27: =IF(J27="w",(G27-1)*H27,-H27) -> -0.333 | L27: =IF(J27="w",(K27/100*2),0) -> 0 | M27: =K27-L27 -> -0.333
F28: 2-2 | G28: 14 | H28: 0.333 | J28: L | K28: =IF(J28="w",(G28-1)*H28,-H28) -> -0.333 | L28: =IF(J28="w",(K28/100*2),0) -> 0 | M28: =K28-L28 -> -0.333
C29: =C26 -> 45844 | D29: WEC | E29: Norway v Finland | F29: 2-1 | G29: 10 | H29: 0.333 | I29: 2-1 | J29: W | K29: =IF(J29="w",(G29-1)*H29,-H29) -> 2.997 | L29: =IF(J29="w",(K29/100*2),0) -> 0.05994 | M29: =K29-L29 -> 2.93706
F30: 3-1 | G30: 19 | H30: 0.333 | J30: L | K30: =IF(J30="w",(G30-1)*H30,-H30) -> -0.333 | L30: =IF(J30="w",(K30/100*2),0) -> 0 | M30: =K30-L30 -> -0.333
F31: 2-2 | G31: 21 | H31: 0.333 | J31: L | K31: =IF(J31="w",(G31-1)*H31,-H31) -> -0.333 | L31: =IF(J31="w",(K31/100*2),0) -> 0 | M31: =K31-L31 -> -0.333
B32: 7 | C32: =C29+1 -> 45845 | D32: WEC | E32: Portugal v Italy | F32: 0-1 | G32: 7 | H32: 0.333 | I32: 1-1 | J32: L | K32: =IF(J32="w",(G32-1)*H32,-H32) -> -0.333 | L32: =IF(J32="w",(K32/100*2),0) -> 0 | M32: =K32-L32 -> -0.333
F33: 0-2 | G33: 9 | H33: 0.333 | J33: L | K33: =IF(J33="w",(G33-1)*H33,-H33) -> -0.333 | L33: =IF(J33="w",(K33/100*2),0) -> 0 | M33: =K33-L33 -> -0.333
F34: 1-2 | G34: 9.8 | H34: 0.333 | J34: L | K34: =IF(J34="w",(G34-1)*H34,-H34) -> -0.333 | L34: =IF(J34="w",(K34/100*2),0) -> 0 | M34: =K34-L34 -> -0.333
B35: 8 | C35: =C32+1 -> 45846 | D35: CWC | E35: Fluminense v Chelsea | F35: 0-2 | G35: 8.2 | H35: 0.333 | I35: 0-2 | J35: W | K35: =IF(J35="w",(G35-1)*H35,-H35) -> 2.3976 | L35: =IF(J35="w",(K35/100*2),0) -> 0.047952 | M35: =K35-L35 -> 2.349648
F36: 1-2 | G36: 9.8 | H36: 0.333 | J36: L | K36: =IF(J36="w",(G36-1)*H36,-H36) -> -0.333 | L36: =IF(J36="w",(K36/100*2),0) -> 0 | M36: =K36-L36 -> -0.333
F37: 1-3 | G37: 17.5 | H37: 0.333 | J37: L | K37: =IF(J37="w",(G37-1)*H37,-H37) -> -0.333 | L37: =IF(J37="w",(K37/100*2),0) -> 0 | M37: =K37-L37 -> -0.333
B38: 9 | C38: =C35+1 -> 45847 | D38: CWC | E38: PSG v Real Madrid | F38: 2-1 | G38: 11.5 | H38: 0.333 | I38: 4-0 | J38: L | K38: =IF(J38="w",(G38-1)*H38,-H38) -> -0.333 | L38: =IF(J38="w",(K38/100*2),0) -> 0 | M38: =K38-L38 -> -0.333
F39: 3-1 | G39: 19.5 | H39: 0.333 | J39: L | K39: =IF(J39="w",(G39-1)*H39,-H39) -> -0.333 | L39: =IF(J39="w",(K39/100*2),0) -> 0 | M39: =K39-L39 -> -0.333
F40: 2-2 | G40: 13.5 | H40: 0.333 | J40: L | K40: =IF(J40="w",(G40-1)*H40,-H40) -> -0.333 | L40: =IF(J40="w",(K40/100*2),0) -> 0 | M40: =K40-L40 -> -0.333
B41: 10 | C41: =C38+1 -> 45848 | D41: UEL | E41: Legia Warsaw v Aktobe | F41: 2-0 | G41: 7 | H41: 0.333 | I41: 2-0 | J41: W | K41: =IF(J41="w",(G41-1)*H41,-H41) -> 1.998 | L41: =IF(J41="w",(K41/100*2),0) -> 0.03996 | M41: =K41-L41 -> 1.95804
F42: 3-0 | G42: 9.2 | H42: 0.333 | J42: L | K42: =IF(J42="w",(G42-1)*H42,-H42) -> -0.333 | L42: =IF(J42="w",(K42/100*2),0) -> 0 | M42: =K42-L42 -> -0.333
F43: 3-1 | G43: 13 | H43: 0.333 | J43: L | K43: =IF(J43="w",(G43-1)*H43,-H43) -> -0.333 | L43: =IF(J43="w",(K43/100*2),0) -> 0 | M43: =K43-L43 -> -0.333
C44: =C41 -> 45848 | D44: UEL | E44: Larnaca v Partisan Belgrade | F44: 1-1 | G44: 8 | H44: 0.333 | I44: 1-0 | J44: L | K44: =IF(J44="w",(G44-1)*H44,-H44) -> -0.333 | L44: =IF(J44="w",(K44/100*2),0) -> 0 | M44: =K44-L44 -> -0.333
F45: 2-1 | G45: 9.6 | H45: 0.333 | J45: L | K45: =IF(J45="w",(G45-1)*H45,-H45) -> -0.333 | L45: =IF(J45="w",(K45/100*2),0) -> 0 | M45: =K45-L45 -> -0.333
F46: 2-2 | G46: 19 | H46: 0.333 | J46: L | K46: =IF(J46="w",(G46-1)*H46,-H46) -> -0.333 | L46: =IF(J46="w",(K46/100*2),0) -> 0 | M46: =K46-L46 -> -0.333
B47: 11 | C47: =C44+1 -> 45849 | D47: WEC | E47: Italy v Spain | F47: 1-2 | G47: 10 | H47: 0.333 | I47: 1-3 | J47: L | K47: =IF(J47="w",(G47-1)*H47,-H47) -> -0.333 | L47: =IF(J47="w",(K47/100*2),0) -> 0 | M47: =K47-L47 -> -0.333
F48: 1-3 | G48: 13 | H48: 0.333 | J48: W | K48: =IF(J48="w",(G48-1)*H48,-H48) -> 3.996 | L48: =IF(J48="w",(K48/100*2),0) -> 0.07992 | M48: =K48-L48 -> 3.91608
F49: 2-2 | G49: 27 | H49: 0.333 | J49: L | K49: =IF(J49="w",(G49-1)*H49,-H49) -> -0.333 | L49: =IF(J49="w",(K49/100*2),0) -> 0 | M49: =K49-L49 -> -0.333
B50: 12 | C50: =C47+1 -> 45850 | D50: WEC | E50: Sweden v Germany | F50: 1-2 | G50: 10 | H50: 0.333 | I50: 4-1 | J50: L | K50: =IF(J50="w",(G50-1)*H50,-H50) -> -0.333 | L50: =IF(J50="w",(K50/100*2),0) -> 0 | M50: =K50-L50 -> -0.333
F51: 1-3 | G51: 22 | H51: 0.333 | J51: L | K51: =IF(J51="w",(G51-1)*H51,-H51) -> -0.333 | L51: =IF(J51="w",(K51/100*2),0) -> 0 | M51: =K51-L51 -> -0.333
F52: 2-2 | G52: 16 | H52: 0.333 | J52: L | K52: =IF(J52="w",(G52-1)*H52,-H52) -> -0.333 | L52: =IF(J52="w",(K52/100*2),0) -> 0 | M52: =K52-L52 -> -0.333
B53: 13 | C53: =C50+1 -> 45851 | D53: CWC | E53: Chelsea v PSG | F53: 1-2 | G53: 9.4 | H53: 0.333 | I53: 3-0 | J53: L | K53: =IF(J53="w",(G53-1)*H53,-H53) -> -0.333 | L53: =IF(J53="w",(K53/100*2),0) -> 0 | M53: =K53-L53 -> -0.333
F54: 1-3 | G54: 17 | H54: 0.333 | J54: L | K54: =IF(J54="w",(G54-1)*H54,-H54) -> -0.333 | L54: =IF(J54="w",(K54/100*2),0) -> 0 | M54: =K54-L54 -> -0.333
F55: 2-2 | G55: 17 | H55: 0.333 | J55: L | K55: =IF(J55="w",(G55-1)*H55,-H55) -> -0.333 | L55: =IF(J55="w",(K55/100*2),0) -> 0 | M55: =K55-L55 -> -0.333
B56: 14 | C56: =C53+1 -> 45852 | D56: ELI | E56: Sirius v Mjallby | F56: 1-2 | G56: 10 | H56: 0.333 | I56: 1-2 | J56: W | K56: =IF(J56="w",(G56-1)*H56,-H56) -> 2.997 | L56: =IF(J56="w",(K56/100*2),0) -> 0.05994 | M56: =K56-L56 -> 2.93706
F57: 1-3 | G57: 16.5 | H57: 0.333 | J57: L | K57: =IF(J57="w",(G57-1)*H57,-H57) -> -0.333 | L57: =IF(J57="w",(K57/100*2),0) -> 0 | M57: =K57-L57 -> -0.333
F58: 2-2 | G58: 14.5 | H58: 0.333 | J58: L | K58: =IF(J58="w",(G58-1)*H58,-H58) -> -0.333 | L58: =IF(J58="w",(K58/100*2),0) -> 0 | M58: =K58-L58 -> -0.333
B59: 15 | C59: =C56+1 -> 45853 | D59: UEL | E59: Malmo v Iberia | F59: 2-1 | G59: 10 | H59: 0.333 | I59: 3-1 | J59: L | K59: =IF(J59="w",(G59-1)*H59,-H59) -> -0.333 | L59: =IF(J59="w",(K59/100*2),0) -> 0 | M59: =K59-L59 -> -0.333
F60: 3-1 | G60: 13 | H60: 0.333 | J60: W | K60: =IF(J60="w",(G60-1)*H60,-H60) -> 3.996 | L60: =IF(J60="w",(K60/100*2),0) -> 0.07992 | M60: =K60-L60 -> 3.91608
F61: 3-2 | G61: 36 | H61: 0.333 | J61: L | K61: =IF(J61="w",(G61-1)*H61,-H61) -> -0.333 | L61: =IF(J61="w",(K61/100*2),0) -> 0 | M61: =K61-L61 -> -0.333
B62: 16 | C62: =C59+1 -> 45854 | D62: WEC | E62: Norway v Italy | F62: 2-1 | G62: 13.5 | H62: 0.333 | I62: 1-2 | J62: L | K62: =IF(J62="w",(G62-1)*H62,-H62) -> -0.333 | L62: =IF(J62="w",(K62/100*2),0) -> 0 | M62: =K62-L62 -> -0.333
F63: 2-2 | G63: 18 | H63: 0.333 | J63: L | K63: =IF(J63="w",(G63-1)*H63,-H63) -> -0.333 | L63: =IF(J63="w",(K63/100*2),0) -> 0 | M63: =K63-L63 -> -0.333
F64: 3-2 | G64: 44 | H64: 0.333 | J64: L | K64: =IF(J64="w",(G64-1)*H64,-H64) -> -0.333 | L64: =IF(J64="w",(K64/100*2),0) -> 0 | M64: =K64-L64 -> -0.333
B65: 17 | C65: =C62+1 -> 45855 | D65: WEC | E65: Sweden v England | F65: 1-1 | G65: 7.6 | H65: 0.333 | I65: 2-2 | J65: L | K65: =IF(J65="w",(G65-1)*H65,-H65) -> -0.333 | L65: =IF(J65="w",(K65/100*2),0) -> 0 | M65: =K65-L65 -> -0.333
F66: 1-2 | G66: 10.5 | H66: 0.333 | J66: L | K66: =IF(J66="w",(G66-1)*H66,-H66) -> -0.333 | L66: =IF(J66="w",(K66/100*2),0) -> 0 | M66: =K66-L66 -> -0.333
F67: 1-3 | G67: 20 | H67: 0.333 | J67: L | K67: =IF(J67="w",(G67-1)*H67,-H67) -> -0.333 | L67: =IF(J67="w",(K67/100*2),0) -> 0 | M67: =K67-L67 -> -0.333
C68: =C65 -> 45855 | D68: UEL | E68: Hacken v Spartak Trnava | F68: 2-0 | G68: 8.2 | H68: 0.333 | I68: 2-2 | J68: L | K68: =IF(J68="w",(G68-1)*H68,-H68) -> -0.333 | L68: =IF(J68="w",(K68/100*2),0) -> 0 | M68: =K68-L68 -> -0.333
F69: 2-1 | G69: 9.8 | H69: 0.333 | J69: L | K69: =IF(J69="w",(G69-1)*H69,-H69) -> -0.333 | L69: =IF(J69="w",(K69/100*2),0) -> 0 | M69: =K69-L69 -> -0.333
F70: 3-0 | G70: 11 | H70: 0.333 | J70: L | K70: =IF(J70="w",(G70-1)*H70,-H70) -> -0.333 | L70: =IF(J70="w",(K70/100*2),0) -> 0 | M70: =K70-L70 -> -0.333
B71: 18 | C71: =C68+1 -> 45856 | D71: WEC | E71: Spain v Switzerland | F71: 2-0 | G71: 7 | H71: 0.333 | I71: 2-0 | J71: W | K71: =IF(J71="w",(G71-1)*H71,-H71) -> 1.998 | L71: =IF(J71="w",(K71/100*2),0) -> 0.03996 | M71: =K71-L71 -> 1.95804
F72: 3-0 | G72: 7.6 | H72: 0.333 | J72: L | K72: =IF(J72="w",(G72-1)*H72,-H72) -> -0.333 | L72: =IF(J72="w",(K72/100*2),0) -> 0 | M72: =K72-L72 -> -0.333
F73: 3-1 | G73: 12 | H73: 0.333 | J73: L | K73: =IF(J73="w",(G73-1)*H73,-H73) -> -0.333 | L73: =IF(J73="w",(K73/100*2),0) -> 0 | M73: =K73-L73 -> -0.333
C74: =C71 -> 45856 | D74: SUP | E74: Viborg v Copenhagen | F74: 1-2 | G74: 9.4 | H74: 0.333 | I74: 2-3 | J74: L | K74: =IF(J74="w",(G74-1)*H74,-H74) -> -0.333 | L74: =IF(J74="w",(K74/100*2),0) -> 0 | M74: =K74-L74 -> -0.333
F75: 1-3 | G75: 14.5 | H75: 0.333 | J75: L | K75: =IF(J75="w",(G75-1)*H75,-H75) -> -0.333 | L75: =IF(J75="w",(K75/100*2),0) -> 0 | M75: =K75-L75 -> -0.333
F76: 2-3 | G76: 17.5 | H76: 0.333 | J76: W | K76: =IF(J76="w",(G76-1)*H76,-H76) -> 5.4945 | L76: =IF(J76="w",(K76/100*2),0) -> 0.10989 | M76: =K76-L76 -> 5.38461
B77: 19 | C77: =C74+1 -> 45857 | D77: WEC | E77: France v Germany | F77: 2-1 | G77: 11.5 | H77: 0.333 | I77: 1-1 | J77: L | K77: =IF(J77="w",(G77-1)*H77,-H77) -> -0.333 | L77: =IF(J77="w",(K77/100*2),0) -> 0 | M77: =K77-L77 -> -0.333
F78: 3-1 | G78: 26 | H78: 0.333 | J78: L | K78: =IF(J78="w",(G78-1)*H78,-H78) -> -0.333 | L78: =IF(J78="w",(K78/100*2),0) -> 0 | M78: =K78-L78 -> -0.333
F79: 2-2 | G79: 15 | H79: 0.333 | J79: L | K79: =IF(J79="w",(G79-1)*H79,-H79) -> -0.333 | L79: =IF(J79="w",(K79/100*2),0) -> 0 | M79: =K79-L79 -> -0.333
C80: =C77 -> 45857 | D80: ALL | E80: Degefors v GAIS | F80: 1-2 | G80: 9.6 | H80: 0.333 | I80: 0-3 | J80: L | K80: =IF(J80="w",(G80-1)*H80,-H80) -> -0.333 | L80: =IF(J80="w",(K80/100*2),0) -> 0 | M80: =K80-L80 -> -0.333
F81: 1-3 | G81: 17 | H81: 0.333 | J81: L | K81: =IF(J81="w",(G81-1)*H81,-H81) -> -0.333 | L81: =IF(J81="w",(K81/100*2),0) -> 0 | M81: =K81-L81 -> -0.333
F82: 2-2 | G82: 17.5 | H82: 0.333 | J82: L | K82: =IF(J82="w",(G82-1)*H82,-H82) -> -0.333 | L82: =IF(J82="w",(K82/100*2),0) -> 0 | M82: =K82-L82 -> -0.333
B83: 20 | C83: =C80+1 -> 45858 | D83: ALL | E83: Halmstad v Hacken | F83: 1-2 | G83: 9.8 | H83: 0.333 | I83: 0-0 | J83: L | K83: =IF(J83="w",(G83-1)*H83,-H83) -> -0.333 | L83: =IF(J83="w",(K83/100*2),0) -> 0 | M83: =K83-L83 -> -0.333
F84: 1-3 | G84: 17 | H84: 0.333 | J84: L | K84: =IF(J84="w",(G84-1)*H84,-H84) -> -0.333 | L84: =IF(J84="w",(K84/100*2),0) -> 0 | M84: =K84-L84 -> -0.333
F85: 2-2 | G85: 15.5 | H85: 0.333 | J85: L | K85: =IF(J85="w",(G85-1)*H85,-H85) -> -0.333 | L85: =IF(J85="w",(K85/100*2),0) -> 0 | M85: =K85-L85 -> -0.333
C86: =C83 -> 45858 | D86: SUP | E86: Midtjylland v OB | F86: 2-1 | G86: 9.2 | H86: 0.333 | I86: 3-3 | J86: L | K86: =IF(J86="w",(G86-1)*H86,-H86) -> -0.333 | L86: =IF(J86="w",(K86/100*2),0) -> 0 | M86: =K86-L86 -> -0.333
F87: 3-0 | G87: 13.5 | H87: 0.333 | J87: L | K87: =IF(J87="w",(G87-1)*H87,-H87) -> -0.333 | L87: =IF(J87="w",(K87/100*2),0) -> 0 | M87: =K87-L87 -> -0.333
F88: 3-1 | G88: 13 | H88: 0.333 | J88: L | K88: =IF(J88="w",(G88-1)*H88,-H88) -> -0.333 | L88: =IF(J88="w",(K88/100*2),0) -> 0 | M88: =K88-L88 -> -0.333
B89: 21 | C89: =C86+1 -> 45859 | D89: ELI | E89: Norrkoping v Varnamo | F89: 2-1 | G89: 10.5 | H89: 0.333 | I89: 3-0 | J89: L | K89: =IF(J89="w",(G89-1)*H89,-H89) -> -0.333 | L89: =IF(J89="w",(K89/100*2),0) -> 0 | M89: =K89-L89 -> -0.333
F90: 3-0 | G90: 28 | H90: 0.333 | J90: L | K90: =IF(J90="w",(G90-1)*H90,-H90) -> -0.333 | L90: =IF(J90="w",(K90/100*2),0) -> 0 | M90: =K90-L90 -> -0.333
F91: 3-1 | G91: 20 | H91: 0.333 | J91: W | K91: =IF(J91="w",(G91-1)*H91,-H91) -> 6.327 | L91: =IF(J91="w",(K91/100*2),0) -> 0.12654 | M91: =K91-L91 -> 6.20046
B92: 22 | C92: =C89+1 -> 45860 | D92: WEC | E92: England v Italy | F92: 2-1 | G92: 9.2 | H92: 0.333 | I92: 2-1 | J92: W | K92: =IF(J92="w",(G92-1)*H92,-H92) -> 2.7306 | L92: =IF(J92="w",(K92/100*2),0) -> 0.054612 | M92: =K92-L92 -> 2.675988
F93: 3-1 | G93: 15.5 | H93: 0.333 | J93: L | K93: =IF(J93="w",(G93-1)*H93,-H93) -> -0.333 | L93: =IF(J93="w",(K93/100*2),0) -> 0 | M93: =K93-L93 -> -0.333
F94: 2-2 | G94: 21 | H94: 0.333 | J94: L | K94: =IF(J94="w",(G94-1)*H94,-H94) -> -0.333 | L94: =IF(J94="w",(K94/100*2),0) -> 0 | M94: =K94-L94 -> -0.333
C95: =C92 -> 45860 | D95: UEL | E95: Rigas v Malmo | F95: 1-2 | G95: 9.6 | H95: 0.333 | I95: 1-4 | J95: L | K95: =IF(J95="w",(G95-1)*H95,-H95) -> -0.333 | L95: =IF(J95="w",(K95/100*2),0) -> 0 | M95: =K95-L95 -> -0.333
F96: 1-3 | G96: 18 | H96: 0.333 | J96: L | K96: =IF(J96="w",(G96-1)*H96,-H96) -> -0.333 | L96: =IF(J96="w",(K96/100*2),0) -> 0 | M96: =K96-L96 -> -0.333
F97: 2-2 | G97: 17 | H97: 0.333 | J97: L | K97: =IF(J97="w",(G97-1)*H97,-H97) -> -0.333 | L97: =IF(J97="w",(K97/100*2),0) -> 0 | M97: =K97-L97 -> -0.333
B98: 23 | C98: =C95+1 -> 45861 | D98: WEC | E98: Germany v Spain | F98: 1-2 | G98: 9.8 | H98: 0.333 | I98: 0-1 | J98: L | K98: =IF(J98="w",(G98-1)*H98,-H98) -> -0.333 | L98: =IF(J98="w",(K98/100*2),0) -> 0 | M98: =K98-L98 -> -0.333
F99: 1-3 | G99: 14 | H99: 0.333 | J99: L | K99: =IF(J99="w",(G99-1)*H99,-H99) -> -0.333 | L99: =IF(J99="w",(K99/100*2),0) -> 0 | M99: =K99-L99 -> -0.333
F100: 2-2 | G100: 19.5 | H100: 0.333 | J100: L | K100: =IF(J100="w",(G100-1)*H100,-H100) -> -0.333 | L100: =IF(J100="w",(K100/100*2),0) -> 0 | M100: =K100-L100 -> -0.333
C101: =C98 -> 45861 | D101: UCL | E101: Brann v Salzburg | F101: 1-2 | G101: 10.5 | H101: 0.333 | I101: 1-4 | J101: L | K101: =IF(J101="w",(G101-1)*H101,-H101) -> -0.333 | L101: =IF(J101="w",(K101/100*2),0) -> 0 | M101: =K101-L101 -> -0.333
F102: 1-3 | G102: 21 | H102: 0.333 | J102: L | K102: =IF(J102="w",(G102-1)*H102,-H102) -> -0.333 | L102: =IF(J102="w",(K102/100*2),0) -> 0 | M102: =K102-L102 -> -0.333
...

Sheet PXCS - CHART
B2: PR0-XCS - JULY 2025: DAILY RESULTS
B4: Day | C4: Day Points: Profit / Loss | D4: Accumulated Points
B5: 0 | C5: 0 | D5: 0
B6: 1 | C6: =SUM('PXCS - Results'!M7:M9) -> -0.999 | D6: =D5+C6 -> -0.999
B7: 2 | C7: =SUM('PXCS - Results'!M10) -> 0 | D7: =D6+C7 -> -0.999
B8: 3 | C8: =SUM('PXCS - Results'!M11:M16) -> 0.880452 | D8: =D7+C8 -> -0.118548
B9: 4 | C9: =SUM('PXCS - Results'!M17:M19) -> 3.08691 | D9: =D8+C9 -> 2.968362
B10: 5 | C10: =SUM('PXCS - Results'!M20:M25) -> 5.51448 | D10: =D9+C10 -> 8.482842
B11: 6 | C11: =SUM('PXCS - Results'!M26:M31) -> 1.27206 | D11: =D10+C11 -> 9.754902
B12: 7 | C12: =SUM('PXCS - Results'!M32:M34) -> -0.999 | D12: =D11+C12 -> 8.755902
B13: 8 | C13: =SUM('PXCS - Results'!M35:M37) -> 1.683648 | D13: =D12+C13 -> 10.43955
B14: 9 | C14: =SUM('PXCS - Results'!M38:M40) -> -0.999 | D14: =D13+C14 -> 9.44055
B15: 10 | C15: =SUM('PXCS - Results'!M41:M46) -> 0.29304 | D15: =D14+C15 -> 9.73359
B16: 11 | C16: =SUM('PXCS - Results'!M47:M49) -> 3.25008 | D16: =D15+C16 -> 12.98367
B17: 12 | C17: =SUM('PXCS - Results'!M50:M52) -> -0.999 | D17: =D16+C17 -> 11.98467
B18: 13 | C18: =SUM('PXCS - Results'!M53:M55) -> -0.999 | D18: =D17+C18 -> 10.98567
B19: 14 | C19: =SUM('PXCS - Results'!M56:M58) -> 2.27106 | D19: =D18+C19 -> 13.25673
B20: 15 | C20: =SUM('PXCS - Results'!M59:M61) -> 3.25008 | D20: =D19+C20 -> 16.50681
B21: 16 | C21: =SUM('PXCS - Results'!M62:M64) -> -0.999 | D21: =D20+C21 -> 15.50781
B22: 17 | C22: =SUM('PXCS - Results'!M65:M70) -> -1.998 | D22: =D21+C22 -> 13.50981
B23: 18 | C23: =SUM('PXCS - Results'!M71:M76) -> 6.01065 | D23: =D22+C23 -> 19.52046
B24: 19 | C24: =SUM('PXCS - Results'!M77:M82) -> -1.998 | D24: =D23+C24 -> 17.52246
B25: 20 | C25: =SUM('PXCS - Results'!M83:M88) -> -1.998 | D25: =D24+C25 -> 15.52446
B26: 21 | C26: =SUM('PXCS - Results'!M89:M91) -> 5.53446 | D26: =D25+C26 -> 21.05892
B27: 22 | C27: =SUM('PXCS - Results'!M92:M97) -> 1.010988 | D27: =D26+C27 -> 22.069908
B28: 23 | C28: =SUM('PXCS - Results'!M98:M103) -> -1.998 | D28: =D27+C28 -> 20.071908
B29: 24 | C29: =SUM('PXCS - Results'!M104:M109) -> -1.998 | D29: =D28+C29 -> 18.073908
B30: 25 | C30: =SUM('PXCS - Results'!M110:M115) -> -1.998 | D30: =D29+C30 -> 16.075908
B31: 26 | C31: =SUM('PXCS - Results'!M116:M121) -> -1.998 | D31: =D30+C31 -> 14.077908
B32: 27 | C32: =SUM('PXCS - Results'!M122:M127) -> 0.554112 | D32: =D31+C32 -> 14.63202
B33: 28 | C33: =SUM('PXCS - Results'!M128:M130) -> -0.999 | D33: =D32+C33 -> 13.63302
B34: 29 | C34: =SUM('PXCS - Results'!M131:M133) -> -0.999 | D34: =D33+C34 -> 12.63402
B35: 30 | C35: =SUM('PXCS - Results'!M134:M136) -> -0.999 | D35: =D34+C35 -> 11.63502
B36: 31 | C36: =SUM('PXCS - Results'!M137:M139) -> -0.999 | D36: =D35+C36 -> 10.63602
